 Dungeon Crawl Stone Soup version 0.30.1-3-gfc49f6343a (webtiles) character file.

Game seed: 17921211723963350430

1379 CaptainMV the Twirler (level 8, 0/60 HPs)
             Began as a Demonspawn Wanderer on July 26, 2023.
             Was a High Priest of Uskayaw.
             Killed from afar by an orc wizard (12 damage)
             ... with a puff of flame
             ... on level 6 of the Dungeon.
             The game lasted 00:37:35 (2996 turns).

CaptainMV the Twirler (Demonspawn Wanderer)         Turns: 2996, Time: 00:37:41

Health: 0/60       AC: -2    Str: 11    XL:     8   Next: 39%
Magic:  20/20      EV: 12    Int: 13    God:    Uskayaw [*****.]
Gold:   281        SH:  0    Dex: 17    Spells: 7/11 levels left

rFire   . . .        a - +2 quarterstaff (drain)
rCold   . . .        (shield currently unavailable)
rNeg    . . .        d - +0 robe
rPois   .            (helmet unavailable)
rElec   .            (no cloak)
rCorr   .            (no gloves)
SInv    +            s - +1 pair of boots
Will    .....        e - amulet of magic regeneration
Stlth   +++          q - ring of magical power
HPRegen 0.30/turn    w - ring of see invisible
MPRegen 0.74/turn

%: no passive effects
@: corroded
A: antennae 3, magic regeneration, sharp scales 1
a: Renounce Religion, Stomp, Line Pass, Grand Finale


You were on level 6 of the Dungeon.
You worshipped Uskayaw.
Uskayaw was noncommittal.
You visited 2 branches of the dungeon, and saw 7 of its levels.

You collected 281 gold pieces.

Inventory:

Hand Weapons
 a - a +2 quarterstaff of draining (weapon)
 k - a +3 quarterstaff
Missiles
 l - 2 silver boomerangs (quivered)
 n - 7 poisoned darts
 u - 4 datura-tipped darts
Armour
 d - a +0 robe (worn)
 m - a +1 hat
 s - a +1 pair of boots (worn)
Magical Staves
 x - a staff of earth
Jewellery
 e - an amulet of magic regeneration (around neck)
 q - a ring of magical power (left hand)
 w - a ring of see invisible (right hand)
Wands
 t - a wand of paralysis (10)
Scrolls
 i - 6 scrolls of teleportation
 p - a scroll of magic mapping
 v - a scroll of enchant weapon
Potions
 c - 2 potions of heal wounds
 f - 3 potions of mutation
 g - 3 potions of attraction
 h - a potion of degeneration
 o - a potion of berserk rage
 r - a potion of ambrosia {unknown}
 z - a potion of brilliance {unknown}
Miscellaneous
 b - a piece from Xom's chessboard (14/15)


   Skills:
 + Level 4.2 Fighting
 + Level 7.2 Staves
 + Level 1.0 Armour
 + Level 2.2 Dodging
 + Level 3.4 Stealth
 + Level 2.3 Spellcasting
 + Level 1.8 Conjurations
 + Level 2.0 Translocations
 + Level 0.9 Transmutations
 + Level 1.2 Invocations
 + Level 2.1 Evocations


You had 7 spell levels left.
You knew the following spells:

 Your Spells              Type           Power      Damage    Failure   Level
a - Momentum Strike       Conj/Tloc      12%        3d8       17%         2
b - Wereblood             Tmut           3%         N/A       26%         2

Your spell library contained the following spells:

 Spells                   Type           Power      Damage    Failure   Level
 Blink                    Tloc           12%        N/A       16%         2
 Sublimation of Blood     Necr           1%         N/A       36%         2
 Summon Hydra             Summ           0%         N/A       100%        7


Dungeon Overview and Level Annotations

Branches:
Dungeon (6/15)             Temple (1/1) D:4

Altars:
Ashenzari
Cheibriados
Fedhas
Gozag
Kikubaaqudgha
Makhleb
Nemelex Xobeh
Okawaru
Qazlal
Ru
Sif Muna
Trog
Uskayaw
Vehumet
Wu Jian
Xom
Yredelemnul

Shops:
D:4 ?   D:5 [?(

Annotations:
D:6 Grinder


Innate Abilities, Weirdness & Mutations

You have a pair of large antennae on your head. (SInv)
You regenerate magic rapidly.
You are partially covered in razor-sharp scales. (AC +1, Slay +1)


Message History

You hit the orc warrior but do no damage.
The orc warrior is moderately wounded.
Grinder is no longer paralysed.
The helpless orc warrior fails to defend itself.
You hit the orc warrior but do no damage.
You drain the orc warrior.
The orc warrior is moderately wounded.
Grinder gestures at you. You resist with some effort.
You can now merge with and destroy a victim.
Uskayaw links your audience in an emotional bond!
The helpless orc warrior fails to defend itself.
You hit the orc warrior.
The orc warrior is heavily wounded.
The orc warrior is no longer paralysed.
The orc wizard is no longer paralysed.
Grinder gestures at you. Pain shoots through your body!
* * * LOW HITPOINT WARNING * * *
You feel much better.
The orc wizard points at you and mumbles some strange words.
You resist with some effort.
The orc warrior hits you with a +0 war axe of flaming!
* * * LOW HITPOINT WARNING * * *
The orc warrior burns you.
* * * LOW HITPOINT WARNING * * *
Uskayaw prepares the audience for your solo!
The helpless orc warrior fails to defend itself.
You sock the orc warrior!
The orc warrior is severely wounded.
Grinder is no longer paralysed.
Grinder is no longer sharing her pain.
The orc warrior is no longer sharing its pain.
The orc wizard is no longer sharing its pain.
Grinder says, "Tell me all your secrets, or I'll kill you."
The helpless orc warrior fails to defend itself.
You hit the orc warrior.
You kill the orc warrior!
The orc wizard is no longer paralysed.
The orc wizard points at you and mumbles some strange words.
The puff of flame hits you!
You die...

.##..# # ..
....[.. #. #.
....... ##.###.
....... ....#.
##..#...
#..$.##........
#....#o.#.#....
.$#.##).)@5....>#
..........#.#....
.####.........# #
# ####.##.###
#.######.## ...
#........# ### .#
#.##.##.)### .#
#.##.......# .#
#.###......#


You could see Grinder (slow) and an orc wizard.

Vanquished Creatures
  Pikel (D:5)
  A water moccasin (D:6)
  2 orc warriors (D:6)
  An ogre (D:5)
  4 scorpions
  2 hounds
  Crazy Yiuf (D:5)
  An orc priest (D:6)
  A jelly (D:6)
  2 iguanas
  An orc wizard (D:6)
  Ijyb (D:4)
  5 adders
  A white imp (D:5)
  A worm (D:3)
  3 dart slugs
  15 orcs
  A bat (D:2)
  8 endoplasms
  6 giant cockroaches
  8 goblins
  7 hobgoblins
  5 jackals
  2 quokkas
  6 ball pythons
  4 frilled lizards
  6 kobolds
  A rat (D:2)
97 creatures vanquished.

Notes
Turn   | Place    | Note
-------+----------+-------------------------------------------
     0 | D:1      | CaptainMV the Demonspawn Wanderer began the quest for the
                  | Orb.
     0 | D:1      | CaptainMV set off with the following items: a +2
                  | quarterstaff, a piece from Xom's chessboard (15/15), a
                  | potion of heal wounds, a +0 robe; and the following spells
                  | available to memorise: Blink, Momentum Strike.
     0 | D:1      | Reached XP level 1. HP: 13/13 MP: 2/2
   101 | D:1      | Gained mutation: You have a pair of small antennae on your
                  | head. [demonic ancestry]
   101 | D:1      | Reached XP level 2. HP: 20/20 MP: 3/3
   275 | D:1      | Learned a level 2 spell: Momentum Strike
   382 | D:1      | Reached skill level 1 in Fighting
   443 | D:1      | Reached skill level 4 in Staves
   678 | D:2      | Gained mutation: You have a pair of antennae on your head.
                  | [demonic ancestry]
   678 | D:2      | Reached XP level 3. HP: 12/26 MP: 2/4
  1109 | D:3      | Reached XP level 4. HP: 33/33 MP: 5/5
  1557 | D:4      | Found a staircase to the Ecumenical Temple.
  1557 | D:4      | Found Jebuor's Magic Scroll Shoppe.
  1581 | Temple   | Entered the Ecumenical Temple
  1830 | Temple   | Became a worshipper of Uskayaw the Reveller
  1879 | D:4      | Reached * piety under Uskayaw
  1897 | D:4      | Noticed a scorpion
  1906 | D:4      | Killed a scorpion
  1907 | D:4      | Reached skill level 1 in Conjurations
  1907 | D:4      | Reached XP level 5. HP: 34/38 MP: 7/7
  1921 | D:4      | Reached ** piety under Uskayaw
  1997 | D:4      | Reached skill level 5 in Staves
  1997 | D:4      | Reached skill level 1 in Stealth
  2008 | D:4      | Noticed Ijyb
  2018 | D:4      | Killed Ijyb
  2019 | D:4      | Gained mutation: You are partially covered in razor-sharp
                  | scales. (AC +1, Slay +1) [demonic ancestry]
  2019 | D:4      | Reached XP level 6. HP: 38/45 MP: 9/9
  2188 | D:5      | Entered Level 5 of the Dungeon
  2197 | D:5      | Reached skill level 1 in Dodging
  2384 | D:5      | Found Puvinlat's Armour Shoppe.
  2427 | D:5      | Reached *** piety under Uskayaw
  2494 | D:5      | Gained mutation: You regenerate magic rapidly. [demonic
                  | ancestry]
  2494 | D:5      | Reached XP level 7. HP: 37/51 MP: 10/10
  2497 | D:5      | Learned a level 2 spell: Wereblood
  2606 | D:5      | Found Dugemex's Magic Scroll Shop.
  2689 | D:5      | Found Wix Nyl's Weapon Emporium.
  2739 | D:5      | Noticed Pikel
  2749 | D:5      | Killed Pikel
  2750 | D:5      | Reached skill level 6 in Staves
  2815 | D:5      | Found a runed translucent door.
  2816 | D:5      | Noticed Crazy Yiuf
  2822 | D:5      | Killed Crazy Yiuf
  2823 | D:5      | Gained mutation: You have a pair of large antennae on your
                  | head. (SInv) [demonic ancestry]
  2823 | D:5      | Reached XP level 8. HP: 44/60 MP: 11/11
  2943 | D:6      | Reached skill level 7 in Staves
  2953 | D:6      | Reached **** piety under Uskayaw
  2957 | D:6      | Reached ***** piety under Uskayaw
  2966 | D:6      | Identified the +0 dagger "Guceesh" {heavy, rCorr Str+3
                  | Int+6 Dex-3}
  2967 | D:6      | Noticed Grinder
  2996 | D:6      | Killed from afar by an orc wizard

Illustrated notes

Levels and vault maps discovered:
D:1:      lemuel_arrival_behind_the_door_small, layout_loops_ring
D:2:      layout_basic
D:3:      layout_loops_ring
D:4:      layout_cave_pools, minmay_temple_entry_purple_smoke, serial_shops,
          shop, minmay_misc_feat_iff, uniq_ijyb
D:5:      layout_loops_ring, serial_shops, shop, shop_scrolls, shop,
          uniq_crazy_yiuf_cottage, uniq_pikel
D:6:      layout_basic, uniq_grinder
Temple:   mainiacjoe_temple_big_plus

Skill      XL: |  1  2  3  4  5  6  7  8 |
---------------+-------------------------+-----
Fighting       | 1 2 3 4 |  4.2
Staves         | 4 5 6 7 |  7.2
Conjurations   | 1 |  1.8
Stealth        | 1 2 3 |  3.4
Spellcasting   | 2 |  2.3
Dodging        | 1 2 |  2.2
Translocations | 2 |  2.0
Armour         | |  1.0
Transmutations | |  0.9
Invocations    | |  1.2
Evocations     | |  2.1

Action                     |  1- 3 |  4- 6 |  7- 9 || total
---------------------------+-------+-------+-------++-------
  Melee: Quarterstaff      |    71 |    92 |    92 ||   255
   Cast: Momentum Strike   |     9 |    13 |       ||    22
         Wereblood         |       |       |     1 ||     1
 Invoke: Stomp             |       |     3 |       ||     3
         Line Pass         |       |     1 |     1 ||     2
  Evoke: Piece from Xom's  |       |       |     2 ||     2
    Use: Scroll            |     3 |     6 |     4 ||    13
         Potion            |       |       |     7 ||     7
   Stab: Sleeping          |     2 |     4 |       ||     6
         Paralysed         |       |       |     6 ||     6
         Confused          |       |       |     1 ||     1
         Petrifying        |       |       |     1 ||     1
         Petrified         |       |       |     1 ||     1
 Armour: Robe              |    12 |    30 |     7 ||    49
  Dodge: Dodged            |    39 |    62 |    30 ||   131
